Map: Moondance

Players

Xandros

  • Race: Zerg Zerg
  • League: Silver
  • Spawn Location: 6:00

HeavyBoxer - Winner!

  • Race: Protoss Protoss
  • League: Silver
  • Spawn Location: 12:00

VOD

Have the link to the VOD?

Description

Time

  • Played on: Dec. 13, 2022, 4:58 p.m.
  • Length: 16:18
Show
View Real Time Build Order
Export as new Build Order

Xandros Zerg 

Build Orders: Hatch First 

Get SALT Encoding   

  12  0:02  Drone  
  13  0:13  Overlord  
  13  0:17  Drone  
  14  0:31  Drone x2  
  16  0:36  Drone  
  17  0:53  Hatchery  
  16  0:58  Drone  
  17  1:08  Spawning Pool  
  17  1:11  Drone  
  17  1:16  Extractor  
  17  1:17  Drone  
  17  1:24  Drone  
  18  1:29  Drone  
  19  1:47  Overlord  
  19  1:52  Drone  
  20  1:59  Queen  
  22  2:04  Queen  
  22  2:06  Drone x2  
  26  2:12  Drone  
  27  2:20  Drone  
  28  2:25  Spine Crawler  
  27  2:30  Drone x2  
  29  2:40  Drone  
  29  2:41  Drone  
  29  2:43  Lair  
  31  2:47  Queen  
  31  2:49  Drone x2  
  35  2:54  Drone  
  36  3:01  Overlord  
  36  3:12  Roach Warren  
  35  3:13  Evolution Chamber  
  35  3:15  Drone x2  
  35  3:16  Overlord  
  36  3:20  Overlord  
  36  3:26  Drone x4  
  40  3:43  Extractor  
  40  3:44  Drone x5  
  44  3:48  Overlord  
  44  3:52  Overlord  
  44  4:05  Extractor  
  43  4:13  Roach  
  43  4:14  Roach x7  
  59  4:25  Drone  
  59  4:27  Drone, Hatchery  
  60  4:32  Glial Reconstitution, Zerg Missile Weapons Level 1  
  60  4:46  Queen  
  62  5:07  Drone x2  
  62  5:08  Drone x4  
  62  5:09  Drone x2  
  62  5:10  Overlord x2  
  70  5:17  Spore Crawler  
  70  5:21  Spore Crawler  
  68  5:25  Spore Crawler  
  67  5:45  Hydralisk Den, Drone x2  
  67  5:46  Evolution Chamber  
  67  5:47  Extractor  
  67  5:49  Spore Crawler  
  65  5:53  Drone x2  
  65  5:55  Drone x3  
  70  5:58  Drone x4  
  70  5:59  Drone  
  70  6:01  Overlord x2  
  70  6:03  Queen  
  77  6:22  Drone x4  
  81  6:25  Extractor  
  81  6:29  Grooved Spines  
  81  6:30  Zerg Missile Weapons Level 2  
  81  6:32  Zerg Ground Armor Level 1  
  80  6:34  Drone x2  
  80  6:35  Drone x3  
  85  6:42  Hatchery  
  85  6:49  Hydralisk x5  
  95  7:01  Overlord  
  95  7:02  Overlord x2  
  95  7:04  Overseer  
  95  7:15  Hatchery  
  94  7:23  Drone x2  
  94  7:28  Hydralisk x7  
  110  7:30  Overlord  
  110  7:31  Overlord x2  
  110  7:41  Muscular Augments  
  110  7:47  Drone x5  
  115  7:57  Infestation Pit  
  114  8:06  Drone x5  
  114  8:10  Hydralisk x2  
  123  8:13  Hydralisk  
  123  8:15  Hydralisk x3  
  131  8:41  Hydralisk x5  
  131  8:42  Hydralisk x5  
  151  8:52  Drone  
  151  8:55  Extractor  
  151  8:57  Extractor  
  150  9:06  Hatchery  
  150  9:33  Drone x2, Hatchery  
  150  9:34  Drone  
  150  9:36  Overlord x3  
  152  9:51  Overlord x4  
  152  9:56  Zerg Ground Armor Level 2  
  152  9:58  Hive  
  152  10:03  Spire  
  151  10:07  Pathogen Glands  
  151  10:22  Extractor  
  150  10:30  Drone x13  
  163  10:43  Hydralisk x11  
  163  10:44  Hydralisk x7  
  199  11:08  Hatchery  
  198  11:24  Hatchery  
  187  11:49  Drone x3  
  187  11:51  Hydralisk  
  187  11:52  Hydralisk x12  
  187  11:53  Corruptor x2  
  187  11:54  Corruptor  
  140  12:16  Hydralisk x18  
  162  12:37  Spore Crawler  
  162  12:39  Hydralisk x11  
  183  12:49  Extractor, Corruptor x2  
  186  12:56  Hydralisk  
  186  12:57  Hydralisk x3  
  178  13:34  Hydralisk  
  178  13:35  Corruptor x8  
  134  14:15  Hydralisk  
  134  14:16  Hydralisk x18  
  160  14:20  Hydralisk x2  
  154  14:36  Drone x3  
  157  14:39  Drone x3  
  157  14:41  Extractor, Hydralisk x10  
  157  14:42  Extractor  
  178  14:56  Infestor x2  
  182  15:00  Hydralisk x2  
  182  15:01  Hydralisk x2  
  190  15:17  Extractor  
  190  15:18  Hydralisk x5  
  190  15:19  Hatchery, Hydralisk  
  148  15:50  Hydralisk x17  
  148  15:51  Hydralisk x3  
Show
View Real Time Build Order
Export as new Build Order

HeavyBoxer Protoss - Winner!

Build Orders: Nexus First, Carriers 

Get SALT Encoding   

  12  0:00  Probe  
  13  0:12  Probe  
  14  0:21  Pylon  
  15  0:28  Probe (Chrono Boost)  
  15  0:40  Probe (Chrono Boost)  
  16  0:47  Probe (Chrono Boost)  
  17  1:05  Nexus  
  17  1:11  Probe  
  18  1:22  Gateway  
  18  1:25  Probe (Chrono Boost)  
  19  1:29  Assimilator  
  19  1:32  Assimilator  
  19  1:37  Probe (Chrono Boost)  
  20  1:42  Probe (Chrono Boost)  
  21  1:51  Probe  
  22  2:03  Probe  
  23  2:10  Cybernetics Core  
  23  2:15  Forge  
  23  2:17  Probe, Zealot  
  23  2:20  Probe  
  27  2:32  Probe x2  
  29  2:37  Pylon  
  30  2:44  Probe  
  30  2:56  Photon Cannon  
  30  2:57  Sentry  
  32  3:03  Pylon  
  32  3:04  Probe x2  
  34  3:12  Assimilator  
  34  3:16  Probe x2  
  36  3:20  Assimilator  
  36  3:23  Stalker  
  38  3:28  Probe x2  
  38  3:29  Stargate  
  40  3:36  Shield Battery  
  40  3:44  Probe x2  
  42  3:56  Probe x2  
  44  4:07  Pylon  
  44  4:08  Probe x2  
  46  4:16  Void Ray (Chrono Boost)  
  50  4:18  Stargate  
  50  4:20  Probe x2  
  50  4:21  Pylon  
  52  4:26  Photon Cannon  
  52  4:32  Probe  
  52  4:33  Probe  
  54  4:51  Void Ray  
  62  5:10  Void Ray  
  62  5:14  Fleet Beacon  
  62  5:18  Nexus  
  62  5:21  Pylon  
  62  5:24  Pylon  
  66  5:36  Probe x2  
  66  5:40  Void Ray, Photon Cannon  
  66  5:42  Photon Cannon  
  68  5:43  Shield Battery  
  68  5:45  Photon Cannon  
  68  5:48  Photon Cannon  
  68  5:51  Probe x2  
  70  6:03  Probe  
  71  6:05  Tempest  
  71  6:07  Probe  
  77  6:15  Probe  
  78  6:19  Tempest  
  78  6:20  Protoss Air Weapons Level 1 (Chrono Boost), Probe  
  84  6:28  Probe  
  84  6:32  Probe  
  86  6:39  Stargate  
  86  6:40  Probe  
  86  6:44  Probe  
  88  6:52  Probe, Tempest  
  94  7:00  Pylon  
  94  7:11  Probe x3  
  94  7:14  Assimilator  
  97  7:17  Assimilator  
  97  7:18  Carrier  
  103  7:23  Pylon  
  103  7:28  Cybernetics Core  
  103  7:37  Pylon  
  103  7:38  Protoss Shields Level 1 (Chrono Boost), Carrier  
  103  7:39  Pylon x2  
  109  7:48  Carrier  
  115  8:18  Probe x3  
  118  8:23  Protoss Air Weapons Level 2 (Chrono Boost)  
  118  8:26  Protoss Air Armor Level 1 (Chrono Boost)  
  118  8:30  Probe  
  119  8:38  Nexus  
  119  8:41  Pylon  
  119  8:43  Pylon  
  119  8:45  Carrier  
  119  8:48  Pylon  
  125  8:53  Carrier  
  131  9:05  Photon Cannon x2  
  131  9:07  Photon Cannon  
  131  9:09  Shield Battery  
  131  9:11  Photon Cannon  
  131  9:12  Pylon  
  131  9:16  Photon Cannon  
  131  9:17  Assimilator  
  131  9:20  Assimilator  
  131  9:22  Tempest  
  132  9:26  Gateway  
  132  9:28  Robotics Facility  
  132  9:43  Photon Cannon  
  132  9:48  Tempest  
  132  9:51  Gateway x2  
  137  9:58  Twilight Council  
  137  10:00  Gateway  
  137  10:03  Gateway  
  137  10:08  Carrier  
  143  10:17  Warp Gate (Chrono Boost)  
  143  10:22  Forge  
  143  10:25  Photon Cannon  
  143  10:31  Photon Cannon  
  143  10:42  Carrier  
  149  10:49  Gateway  
  149  10:50  Gateway  
  149  10:55  Robotics Bay  
  149  11:20  Templar Archives  
  143  11:57  Colossus (Chrono Boost)  
  143  11:59  Carrier x3  
  143  12:00  Protoss Air Armor Level 2  
  164  12:38  Forge  
  164  12:40  Forge  
  164  12:42  Gateway  
  164  12:44  Colossus  
  164  12:50  Gateway  
  170  12:59  Shield Battery  
  170  13:01  Pylon  
  170  13:12  Probe  
  171  13:15  Pylon  
  171  13:16  Pylon  
  171  13:19  Carrier  
  177  13:24  Probe  
  172  13:36  Probe  
  172  13:37  Colossus  
  172  13:38  High Templar x3  
  172  13:39  High Templar  
  187  13:41  Probe  
  187  13:42  Protoss Shields Level 2 (Chrono Boost), Probe x2  
  187  13:43  Protoss Ground Weapons Level 1 (Chrono Boost)  
  187  13:48  Probe  
  191  13:53  Probe, Photon Cannon  
  191  13:55  Photon Cannon  
  192  14:00  Probe  
  192  14:02  Zealot  
  195  14:31  Observer  
  195  14:34  Photon Cannon x2  
  195  14:38  Extended Thermal Lance (Chrono Boost), Psionic Storm  
  196  14:41  Pylon  
  196  14:43  Pylon  
  196  15:03  Nexus  
  196  15:06  Pylon  
  196  15:07  Pylon  
  196  15:09  Archon x2  
  196  15:10  Pylon  
  196  15:23  Photon Cannon  
  196  15:25  Photon Cannon  
  196  15:26  Observer (Chrono Boost)  
  197  15:29  Photon Cannon, Pylon  
  197  15:32  Photon Cannon  
  197  15:33  Photon Cannon  
  197  15:34  Photon Cannon  
  189  15:36  Photon Cannon  
  178  16:00  Shield Battery  
  178  16:01  Photon Cannon  
  178  16:02  Shield Battery  
  178  16:05  Photon Cannon  
  178  16:06  Assimilator  
  178  16:12  Assimilator  
Tags
 
Add a new tag
Caveats
  • Supply blocks, unpowered buildings, or Contaminate may cause inaccurate times.
  • Supply counts are checked every 10 seconds.